 Dungeon Crawl Stone Soup version 0.25-a0-435-g4b9beb1024 (webtiles) character file.

Game seed: 9329922434563964857, levelgen mode: deterministic

34603 Emblim88 the Covert (level 13, -6/61 HPs)
             Began as a Spriggan Venom Mage on Jan 27, 2020.
             Was the Champion of Ru.
             Mangled by a chaos spawn (13 damage)
             ... summoned by an orc high priest
             ... on level 2 of the Orcish Mines.
             The game lasted 01:44:18 (24173 turns).

Emblim88 the Covert (Spriggan Venom Mage)          Turns: 24173, Time: 01:44:18

Health: -6/61      AC:  8    Str:  1 (2)  XL:     13   Next: 43%
Magic:  12/27      EV: 27    Int: 21      God:    Ru [******]
Gold:   1109       SH:  0    Dex: 17      Spells: 7/31 levels left

rFire    . . .     SeeInvis +   y - +4 hunting sling (flame)
rCold    . . .     Gourm    .   (shield unavailable)
rNeg     + . .     Faith    .   E - +2 robe {MR+}
rPois    .         Spirit   .   a - +2 hat
rElec    .         Reflect  .   k - +1 cloak {+Inv}
rCorr    .         Harm     .   (gloves unavailable)
MR       +++++     Clarity  +   (boots unavailable)
Stlth    +++++.....             A - amulet of the Four Winds {rN+ MR+++ Clar}
HPRegen  0.20/turn              (ring unavailable)
MPRegen  0.20/turn              K - ring of Spontaneous Combustion {Wiz +Blink MR+}

@: no potions, very slightly contaminated, very quick
A: very small, unfitting armour, see invisible, berserk 1, deterioration 1,
herbivore, speed 3, slow metabolism 2, weak 1, inability to drink while
threatened, missing a hand, hated by all, inability to train armour
a: Draw Out Power, Power Leap, Apocalypse, Renounce Religion, Evoke Blink, Evoke
Invisibility


You were on level 2 of the Orcish Mines.
You worshipped Ru.
Ru was exalted by your worship.
You were hungry.

You visited 2 branches of the dungeon, and saw 16 of its levels.
You also visited: Bailey and Gauntlet.

You collected 4661 gold pieces.
You spent 3552 gold pieces at shops.

Inventory:

Hand Weapons
 y - a +4 hunting sling of flaming (weapon)
 D - the +7 short sword of Tubaiv {flame, Str+4}
   (You bought it in a shop on level 4 of the Dungeon)

   It has been specially enchanted to burn those struck by it, causing extra
   injury to most foes and up to half again as much damage against particularly
   susceptible opponents.
   It affects your strength (+4).
Missiles
 d - 41 poisoned darts
 i - 209 stones (quivered)
 r - 10 curare-tipped darts
 z - 6 throwing nets
Armour
 a - a +2 hat (worn)
 k - a +1 cloak of invisibility (worn)
 B - a +2 troll leather armour
 E - a +2 robe of magic resistance (worn)
Jewellery
 u - an uncursed amulet of harm {unknown}
 A - the amulet of the Four Winds (around neck) {rN+ MR+++ Clar}
   (You bought it in a shop on level 9 of the Dungeon)

   [amulet of nothing]

   It protects you from negative energy.
   It affects your resistance to hostile enchantments.
   It protects you against confusion.
 C - an uncursed ring of poison resistance
 J - the ring "Laxtoh" {Str+4 Stlth+, unknown}
   (You found it in a Gauntlet)

   [ring of stealth]

   It affects your strength (+4).
   It makes you more stealthy.
 K - the ring of Spontaneous Combustion (right hand) {Wiz +Blink MR+}
   (You bought it in a shop on level 9 of the Dungeon)

   [ring of wizardry]

   It improves your spell success rate.
   It affects your resistance to hostile enchantments.
   It lets you blink.
 N - the ring of Jiotrad {rElec Str+2, unknown}
   (You found it on level 13 of the Dungeon)

   [ring of strength]

   It affects your strength (+2).
   It insulates you from electricity.
 P - a cursed ring of wizardry {unknown}
 Q - an uncursed ring of stealth {unknown}
 R - an uncursed ring of ice
 T - an uncursed amulet of magic regeneration {unknown}
Wands
 f - a wand of acid (9)
 h - a wand of iceblast (2)
 m - a wand of flame (5)
 w - a wand of random effects (41)
 H - a wand of paralysis (7)
Scrolls
 b - 5 scrolls of teleportation
 e - a scroll of immolation
 l - a scroll of enchant armour
 p - 3 scrolls of remove curse
 t - a scroll of fog
 v - 3 scrolls of magic mapping
 M - a scroll of blinking {unknown}
 O - a scroll of noise {unknown}
 S - 2 scrolls of identify
Potions
 g - 3 potions of magic
 j - a potion of berserk rage
 n - 4 potions of haste
 o - 5 potions of curing {unknown}
 q - 6 potions of heal wounds
 s - 6 potions of agility
 x - a potion of lignification {unknown}
 F - 2 potions of ambrosia
 G - 2 potions of mutation
 I - a potion of degeneration {unknown}
 L - a potion of flight
Comestibles
 c - 17 rations


   Skills:
 + Level 3.6 Fighting
 - Level 12.0 Slings
 + Level 11.3 Dodging
 + Level 12.2 Stealth
 + Level 9.7 Spellcasting
 + Level 3.9 Hexes
 + Level 10.3 Transmutations
 + Level 5.0 Fire Magic
 + Level 2.6 Ice Magic
 + Level 2.8 Air Magic
 + Level 8.3 Poison Magic
 + Level 9.2 Evocations


You had 7 spell levels left.
You knew the following spells:

 Your Spells              Type           Power        Failure   Level  Hunger
a - Sting                 Tmut/Pois      ####         1%          1    None
b - Poisonous Vapours     Pois/Air       ####..       1%          2    None
c - Mephitic Cloud        Conj/Pois/Air  ####....     1%          3    None
d - Ignite Poison         Fire/Tmut/Pois #####...     1%          3    None
e - Olgreb's Toxic Radia  Pois           #####...     1%          4    ##.....
f - Ensorcelled Hibernat  Hex/Ice        ###...       1%          2    None
g - Freezing Cloud        Conj/Ice/Air   ###.......   86%         6    ######.
h - Conjure Flame         Conj/Fire      ###.....     2%          3    None

Your spell library contained the following spells:

 Spells                   Type           Power        Failure   Level  Hunger
 Corona                   Hex            ####...      1%          1    None
 Confusing Touch          Hex            ####....     1%          3    None
 Tukima's Dance           Hex            ####....     1%          3    None
 Dazzling Flash           Conj/Hex       ###...       3%          3    None
 Ring of Flames           Chrm/Fire      ###.......   100%        7    #######


Dungeon Overview and Level Annotations

Branches:
Dungeon (14/15)            Temple (0/1) D:6            Lair (0/6) D:10
    Orc (2/2) D:11         Vaults (0/5) D:13         Bailey (visited)
Gauntlet (visited)
    Elf: Orc:2

Altars:
Dithmenos
Gozag
Kikubaaqudgha
Makhleb
Qazlal
Ru
Uskayaw
Wu Jian
Xom

Shops:
D:4 (   D:7 *   D:9 [(**=   Orc:1 [!(

Annotations:
D:7 3 runed translucent doors, Kohma's ghost, novice DrTm
Orc:1 2 transporters, Kape1's ghost, journeyman HuFi


Innate Abilities, Weirdness & Mutations

You are very small and have problems with some larger weapons.
You are too small for most types of armour.
You have supernaturally acute eyesight. (SInv)
You are a herbivore.
You cover ground extremely quickly.
You need to consume almost no food.
You cannot drink potions while threatened.
You are missing a hand.
You are hated by all.
You cannot train Armour skill.
You tend to lose your temper in combat.
Your body sometimes deteriorates upon taking damage.
You are weak. (Str -2)


Message History

You blink.
You feel slightly more hungry.
An orc warrior, 6 orc priests, 2 orc high priests and 3 orc wizards come into view.
The orc priest is poisoned. x3
The orc wizard shouts!
The orc wizard is poisoned.
The orc priest is poisoned.
The orc wizard is poisoned.
The orc high priest is poisoned.
The orc sorcerer looks even sicker.
The orc high priest shouts!
The orc high priest is poisoned.
The orc warrior is poisoned.
The orc priest is poisoned. x2; The orc wizard is poisoned.
Your toxic aura wanes.
You hear a shout!
An orc warrior comes into view. It is wielding a +0 halberd.
You redirect the orc wizard's attack!
An orc priest comes into view. It is wielding a +0 short sword.
The orc priest begins to pray, but is stunned by your will!
An orc wizard comes into view.
It is wielding a +2 dagger of electrocution.
An orc wizard comes into view. It is wielding a +0 dagger.
The orc sorcerer falters for a moment.
The chaos spawn gores you!
You die...

#.# #.# o#.. #.# . #.oo.
#.# .o #.ooo. #.# o..
..o.o. ###.#
o.o.#####)oo... ###.#.##
o......(o.....#
#......##......()4)...#
........######o.@###
..#.........ยง)o.........
......#.................
......#.######...#######
..........## #...#
...........##.....#
...................#
..................#.
.............. ...


You could see 3 orc high priests, a chaos spawn, an orc sorcerer, 2 orc
warriors, 7 orc priests and 5 orc wizards.

Vanquished Creatures
  An ironheart preserver (D:13)
  A minotaur (Gauntlet)
  Josephine (D:12)
  A hydra (D:13)
  A death knight (D:12)
  4 two-headed ogres
  A centaur warrior (D:13)
  2 orc high priests
  A tengu warrior (D:14)
  Sonja (D:11)
  An unseen horror (D:11)
  4 sixfirhies (Gauntlet)
  3 orc knights
  An ugly thing (D:13)
  A manticore (D:11)
  A cyclops (D:13)
  A worldbinder (Gauntlet)
  Maurice (D:10)
  Joseph (D:7)
  3 centaur skeletons
  A centaur zombie (D:13)
  2 kobold demonologists (D:13)
  A komodo dragon (D:13)
  2 trolls
  A meliai (shapeshifter) (D:13)
  A merfolk (D:9)
  4 slime creatures (D:13)
  A hornet (D:8)
  4 hippogriffs
  Sigmund (D:2)
  5 wraiths
  23 yaks
  3 shadows
  2 wyverns (D:13)
  A steam dragon (D:7)
  Eustachio (D:4)
  3 chaos spawn (Gauntlet)
  Edmund (D:4)
  A neqoxec (Gauntlet)
  2 wargs
  A hungry ghost (D:13)
  Duvessa (D:5)
  21 orc warriors
  A sky beast (D:9)
  A black bear (D:6)
  An ice beast (D:13)
  2 boggarts (Gauntlet)
  11 ogres
  2 necrophages
  6 centaurs
  8 big kobolds
  7 bullfrogs
  6 scorpions
  Dowan (D:5)
  6 killer bees (D:12)
  5 wights (D:11)
  4 howler monkeys
  3 crimson imps
  3 bullfrog zombies
  8 hounds
  10 orc priests
  8 bullfrog skeletons
  2 iguanas
  13 orc wizards
  9 worker ants
  2 hound zombies
  A worker ant zombie (D:4)
  21 gnolls
  A howler monkey skeleton (D:9)
  10 adders
  2 shadow imps
  An adder zombie (D:8)
  2 adder skeletons
  5 worms
  6 leopard geckos
  65 orcs
  5 giant cockroaches
  5 goblins
  6 hobgoblins
  15 jackals
  6 quokkas
  2 ball pythons
  A ball python skeleton (D:4)
  8 bats
  3 frilled lizards
  39 kobolds
  4 rats
441 creatures vanquished.

Vanquished Creatures (others)
  A centaur zombie (D:7)
  A gargoyle (D:13)
  An orc priest (Orc:2)
  An orc (Orc:2)
  A demonic plant (Gauntlet)
5 creatures vanquished.

Grand Total: 446 creatures vanquished

Notes
Turn   | Place    | Note
-------+----------+-------------------------------------------
     0 | D:1      | Emblim88 the Spriggan Venom Mage began the quest for the
                  | Orb.
     0 | D:1      | Reached XP level 1. HP: 9/9 MP: 5/5
   169 | D:1      | Reached XP level 2. HP: 10/13 MP: 4/7
   176 | D:1      | Learned a level 2 spell: Poisonous Vapours
   808 | D:1      | Reached XP level 3. HP: 16/16 MP: 6/8
   813 | D:1      | Learned a level 3 spell: Mephitic Cloud
   976 | D:2      | Noticed Sigmund
  1832 | D:2      | Killed Sigmund
  1832 | D:2      | Reached XP level 4. HP: 12/21 MP: 1/10
  1832 | D:2      | Reached XP level 5. HP: 14/24 MP: 1/11
  2053 | D:2      | Found a burning altar of Makhleb.
  2336 | D:3      | Reached skill level 5 in Stealth
  2431 | D:3      | Found a sacrificial altar of Ru.
  2550 | D:3      | Became a worshipper of Ru the Awakened
  2791 | D:3      | Reached XP level 6. HP: 28/28 MP: 3/13
  3011 | D:3      | Found a faded altar of an unknown god.
  3046 | D:3      | Reached skill level 5 in Dodging
  3216 | D:4      | Found Jaaxo's Antique Weapon Shop.
  3252 | D:4      | Noticed Edmund
  3267 | D:4      | Reached skill level 1 in Slings
  3275 | D:4      | Killed Edmund
  3488 | D:4      | Bought a runed hunting sling for 112 gold pieces
  3495 | D:4      | Learned a level 3 spell: Ignite Poison
  3500 | D:4      | Learned a level 4 spell: Olgreb's Toxic Radiance
  3529 | D:4      | Found a shimmering altar of Xom.
  3619 | D:4      | Reached XP level 7. HP: 32/32 MP: 4/14
  3799 | D:4      | Gained mutation: You cannot drink potions while threatened.
                  | [Ru sacrifice]
  3799 | D:4      | Reached * piety under Ru
  3860 | D:4      | Reached skill level 1 in Evocations
  4341 | D:4      | Noticed Eustachio
  4347 | D:4      | Killed Eustachio
  4347 | D:4      | Reached skill level 5 in Spellcasting
  4824 | D:5      | Entered Level 5 of the Dungeon
  5339 | D:5      | Reached XP level 8. HP: 22/36 MP: 3/16
  5583 | D:5      | Found a stormy altar of Qazlal.
  5737 | D:5      | Found a shadowy altar of Dithmenos.
  5742 | D:5      | Noticed Dowan
  5781 | D:5      | Noticed Duvessa
  6310 | D:5      | Killed Dowan
  6310 | D:5      | Reached skill level 5 in Transmutations
  6310 | D:5      | Reached skill level 1 in Fire Magic
  6353 | D:5      | Killed Duvessa
  6775 | D:6      | Found an ornate altar of the Wu Jian Council.
  6872 | D:6      | Reached skill level 5 in Poison Magic
  6950 | D:6      | Found a staircase to the Ecumenical Temple.
  6986 | D:6      | Reached skill level 5 in Slings
  7312 | D:6      | Gained mutation: You are missing a hand. [Ru sacrifice]
  7312 | D:6      | Reached ** piety under Ru
  7312 | D:6      | Reached *** piety under Ru
  7312 | D:6      | Reached **** piety under Ru
  7904 | D:7      | Found a runed translucent gate.
  8261 | D:7      | Reached XP level 9. HP: 39/39 MP: 0/18
  8943 | D:7      | Found a runed translucent gate.
  8946 | D:7      | Found a runed translucent gate.
  8949 | D:7      | Noticed Kohma's ghost (novice DrTm)
  9084 | D:7      | Found Getwi's General Store.
  9137 | D:7      | Reached skill level 5 in Evocations
  9176 | D:7      | Noticed Joseph
  9188 | D:7      | Killed Joseph
  9591 | D:4      | Bought a crude short sword for 200 gold pieces
  9591 | D:4      | Identified the +7 short sword of Tubaiv {flame, Str+4} (You
                  | bought it in a shop on level 4 of the Dungeon)
  9690 | D:8      | Reached XP level 10. HP: 44/44 MP: 17/21
  9712 | D:8      | Noticed a two-headed ogre
  9719 | D:8      | Killed a two-headed ogre
  9807 | D:8      | Noticed a two-headed ogre
  9838 | D:8      | Killed a two-headed ogre
  9873 | D:8      | Found a flagged portal.
  9888 | Bailey   | Entered a bailey
 10016 | Bailey   | Gained mutation: You cannot train Armour skill. [Ru
                  | sacrifice]
 10016 | Bailey   | Reached ***** piety under Ru
 10463 | Bailey   | Noticed an orc knight
 10464 | Bailey   | Noticed an orc knight
 10468 | Bailey   | Killed an orc knight
 10470 | Bailey   | Killed an orc knight
 10841 | D:8      | Found a hide-covered altar of Uskayaw.
 10936 | D:8      | Noticed a two-headed ogre
 10959 | D:8      | Killed a two-headed ogre
 11628 | D:8      | Identified a scroll of acquirement
 11641 | D:9      | Reached XP level 11. HP: 39/47 MP: 16/23
 11975 | D:9      | Found an ancient bone altar of Kikubaaqudgha.
 11992 | D:9      | Reached skill level 10 in Stealth
 12043 | D:9      | Found Jiokh's Antique Armour Shop.
 12062 | D:9      | Found Onoifaush's General Store.
 12395 | D:9      | Found Irphazxuh's General Store.
 12418 | D:9      | Found Guimmaw's Jewellery Shop.
 12895 | D:9      | Found an opulent altar of Gozag.
 12926 | D:9      | Gained mutation: You are hated by all. [Ru sacrifice]
 12926 | D:9      | Reached ****** piety under Ru
 12937 | D:9      | Found Ysmamm's Weapon Shop.
 12996 | D:9      | Identified the ring "Liuneok" {Fire rN+ Int+3} (You
                  | acquired it on level 9 of the Dungeon)
 13065 | D:9      | Bought the amulet of the Four Winds {rN+ MR+++ Clar} for
                  | 702 gold pieces
 13065 | D:9      | Found the amulet of the Four Winds {rN+ MR+++ Clar}
 13080 | D:9      | Bought the ring of Spontaneous Combustion {Wiz +Blink MR+}
                  | for 744 gold pieces
 13088 | D:9      | Bought a scroll of holy word for 112 gold pieces
 13088 | D:9      | Bought a +1 robe of magic resistance for 190 gold pieces
 13088 | D:9      | Bought a potion of heal wounds for 75 gold pieces
 13226 | D:9      | Bought a glowing hat for 196 gold pieces
 13240 | D:9      | Bought a potion of agility for 60 gold pieces
 13240 | D:9      | Bought a potion of agility for 60 gold pieces
 13240 | D:9      | Bought a scroll of magic mapping for 52 gold pieces
 13240 | D:9      | Bought 2 scrolls of enchant weapon for 225 gold pieces
 13276 | D:10     | Entered Level 10 of the Dungeon
 13743 | D:10     | Found a staircase to the Lair.
 14066 | D:10     | Noticed Maurice
 14075 | D:10     | Killed Maurice
 14477 | D:11     | Found a staircase to the Orcish Mines.
 14652 | D:11     | Noticed an unseen horror
 14657 | D:11     | Killed an unseen horror
 14723 | D:11     | Reached skill level 1 in Fighting
 15069 | D:11     | Reached skill level 10 in Slings
 15166 | D:11     | Noticed Sonja
 15169 | D:11     | Killed Sonja
 15169 | D:11     | Reached skill level 10 in Dodging
 15578 | D:12     | Noticed Josephine
 15856 | D:12     | Noticed a death knight
 15909 | D:12     | Killed Josephine
 15909 | D:12     | Reached XP level 12. HP: 52/54 MP: 13/25
 16574 | D:12     | Killed a death knight
 17024 | D:13     | Learned a level 2 spell: Ensorcelled Hibernation
 17031 | D:13     | Learned a level 6 spell: Freezing Cloud
 17035 | D:13     | Learned a level 3 spell: Conjure Flame
 17157 | D:13     | Noticed a centaur warrior
 17167 | D:13     | Killed a centaur warrior
 17287 | D:13     | Found a gate to the Vaults.
 17287 | D:13     | Noticed an ironheart preserver
 17287 | D:13     | Noticed a two-headed ogre
 17303 | D:13     | Killed a two-headed ogre
 17303 | D:13     | Reached skill level 1 in Hexes
 17948 | D:13     | Got a fine wooden ring
 18035 | D:13     | Noticed a six-headed hydra
 18075 | D:13     | Killed a six-headed hydra
 18075 | D:13     | Reached skill level 1 in Ice Magic
 18075 | D:13     | Reached skill level 1 in Air Magic
 18232 | D:13     | Killed an ironheart preserver
 18885 | D:13     | Reached skill level 10 in Transmutations
 19510 | D:13     | Noticed a death knight
 19626 | D:14     | Found a gate leading to a gauntlet.
 19635 | Gauntlet | Entered a Gauntlet
 19635 | Gauntlet | Found a transporter.
 19635 | Gauntlet | Found a transporter.
 19635 | Gauntlet | Found a transporter.
 19636 | Gauntlet | Found a transporter.
 19637 | Gauntlet | Found a transporter.
 19640 | Gauntlet | Found a transporter.
 19647 | Gauntlet | Found a transporter.
 19648 | Gauntlet | Found a transporter.
 19649 | Gauntlet | Found a transporter.
 19651 | Gauntlet | Found a transporter.
 19659 | Gauntlet | Found a transporter.
 19659 | Gauntlet | Found a transporter.
 20139 | Gauntlet | Gained mutation: You are weak. (Str -2) [a neqoxec]
 20141 | Gauntlet | Reached XP level 13. HP: 60/60 MP: 11/27
 20141 | Gauntlet | Gained mutation: You tend to lose your temper in combat. [a
                  | neqoxec]
 20146 | Gauntlet | Gained mutation: Your body sometimes deteriorates upon
                  | taking damage. [a neqoxec]
 20232 | Gauntlet | Got a transparent copper ring
 20451 | Gauntlet | Noticed a minotaur
 20468 | Gauntlet | Killed a minotaur
 21108 | Orc:1    | Entered Level 1 of the Orcish Mines
 21108 | Orc:1    | Found Jimaota's Antique Weapon Shop.
 21739 | Orc:1    | Found Biodgh's Distillery.
 21898 | Orc:1    | Lost strength.
 22936 | Orc:1    | Found Zefed's Antique Armour Boutique.
 22957 | Orc:1    | Bought a glowing troll leather armour for 486 gold pieces
 22988 | Orc:1    | Bought a potion of magic for 104 gold pieces
 22988 | Orc:1    | Bought a potion of haste for 130 gold pieces
 22988 | Orc:1    | Bought a potion of mutation for 104 gold pieces
 23178 | Orc:1    | Found a transporter.
 23182 | Orc:1    | Noticed Kape1's ghost (journeyman HuFi)
 23183 | Orc:1    | Identified the +8 great mace "Niopnaak" {flame, rElec rF+}
 23183 | Orc:1    | Identified the +11 great mace of Causality {flame, Int+2
                  | SInv}
 23183 | Orc:1    | Noticed an ettin
 23184 | Orc:1    | Found a transporter.
 23449 | Orc:2    | Entered Level 2 of the Orcish Mines
 23453 | Orc:2    | Reached skill level 5 in Fire Magic
 24173 | Orc:2    | Mangled by a chaos spawn

Levels and vault maps discovered:
D:1:      lightli_arrival_statuegarden, layout_basic,
          chequers_serial_rivers_small_3
D:2:      layout_basic, lemuel_coloured_pillars_altar, serial_bayou_lake_a,
          uniq_sigmund
D:3:      layout_rooms, nicolae_ru_great_annihilating_truth,
          chequers_ecumenical_altar_island, first_ration
D:4:      kennysheep_big_flooded_room, layout_basic, xom_teletrap_fun,
          serial_shops, shop, uniq_edmund, uniq_eustachio
D:5:      layout_rooms, nicolae_qazlal_general_emergency,
          chequers_serial_rivers_micro_d, nicolae_dithmenos_the_darkroom,
          uniq_duvessa
D:6:      layout_cave_pods, kennysheep_little_box,
          minmay_temple_entry_statues_pillars, due_unseen_surprise
D:7:      layout_gridville, gammafunk_ghost_split, serial_shops, shop,
          uniq_joseph
D:8:      layout_basic, eat_drink_and_be_merry_uskayaw, enter_bailey_6
D:9:      layout_cave_pools, nicolae_overflow_crystal_walls, old_standard_altar,
          serial_shops, shop, nicolae_shop_window_shopping,
          nicolae_shop_statue_plus, nicolae_shop_temple_entry_statues_fountains,
          shop_statue, hangedman_fish_farm
D:10:     layout_grid_maze, lair_entry_dummy, uniq_maurice
D:11:     layout_roguey, orc_0_dummy, uniq_sonja
D:12:     layout_rooms, uniq_josephine
D:13:     layout_loops_corners, skrybe_vaults_entry_preservation
D:14:     layout_irregular_city, gauntlet_entry_generic,
          kennysheep_pointless_box, chequers_serial_rivers_small_3
Orc:1:    layout_caves, gammafunk_ghost_smash, serial_shops,
          nicolae_shop_behind_doors, shop_coins, shop
Orc:2:    st_orc_mages, layout_caves, serial_shops, shop,
          david_defended_altar_orc

Skill      XL: |  1  2  3  4  5  6  7  8  9 10 11 12 13 |
---------------+----------------------------------------+-----
Spellcasting   | 3 4 5 6 7 8 9 |  9.7
Transmutations | 2 3 4 5 6 7 9 10 | 10.3
Dodging        | 4 5 6 7 8 9 10 11 | 11.3
Stealth        | 4 5 6 7 8 9 11 12 | 12.2
Poison Magic   | 4 5 6 7 8 |  8.3
Slings         | 2 3 5 7 9 10 11 12 | 12.0
Evocations     | 2 3 5 6 7 8 9 |  9.2
Fire Magic     | 2 3 4 5 |  5.0
Fighting       | 2 3 |  3.6
Hexes          | 3 |  3.9
Ice Magic      | 2 |  2.6
Air Magic      | 2 |  2.8

Action                   |  1- 3 |  4- 6 |  7- 9 | 10-12 | 13-15 || total
-------------------------+-------+-------+-------+-------+-------++-------
Melee: Dagger            |    16 |       |       |       |       ||    16
       Short sword       |       |       |       |     1 |       ||     1
 Fire: Hunting sling     |       |    44 |   293 |   697 |   220 ||  1254
Throw: Stone             |    43 |       |       |       |       ||    43
 Cast: Sting             |    32 |       |       |       |       ||    32
       Poisonous Vapours |    15 |    59 |   120 |   218 |    25 ||   437
       Ignite Poison     |       |       |     6 |    41 |    14 ||    61
       Olgreb's Toxic Ra |       |       |     5 |    27 |    18 ||    50
       Mephitic Cloud    |       |       |     1 |     4 |       ||     5
       Ensorcelled Hiber |       |       |       |     6 |     1 ||     7
       Conjure Flame     |       |       |       |     5 |       ||     5
Invok: Sacrifice Drink   |       |       |     1 |       |       ||     1
       Sacrifice a Hand  |       |       |     1 |       |       ||     1
       Sacrifice Durabil |       |       |       |     1 |       ||     1
       Draw Out Power    |       |       |       |     2 |       ||     2
       Sacrifice Love    |       |       |       |     1 |       ||     1
       Apocalypse        |       |       |       |     1 |       ||     1
 Abil: Evoke Invisibilit |       |       |       |     1 |     2 ||     3
       Evoke Blink       |       |       |       |       |     1 ||     1
Evoke: Wand              |       |       |     6 |    11 |     3 ||    20
  Use: Scroll            |       |       |     5 |    23 |       ||    28
       Potion            |       |       |       |     3 |       ||     3
 Stab: Sleeping          |     2 |       |       |     1 |       ||     3
  Eat: Ration            |       |     1 |     3 |     6 |     3 ||    13
Armor: Robe              |     3 |     2 |    14 |    19 |     7 ||    45
Dodge: Dodged            |    19 |    19 |   146 |   241 |    91 ||   516

Table legend:
 A = Non-vault XP
 B = Vault XP
 C = Vault XP percentage of total XP
 D = Non-vault monster count
 E = Vault monster count
 F = Vault count percentage of total count
                 A         B        C        D         E       F
            +---------+---------+-------+---------+---------+-------
      Total |   33140 |   16293 |  33.0 |     377 |      68 |  15.3
            +---------+---------+-------+---------+---------+-------
        D:1 |      42 |       0 |   0.0 |      19 |       0 |   0.0
        D:2 |      34 |     223 |  86.8 |      12 |       1 |   7.7
        D:3 |     156 |       6 |   3.7 |      23 |       4 |  14.8
        D:4 |     245 |     489 |  66.6 |      15 |       3 |  16.7
        D:5 |     510 |     222 |  30.3 |      23 |       2 |   8.0
        D:6 |     703 |       0 |   0.0 |      28 |       0 |   0.0
        D:7 |    2446 |     423 |  14.7 |      22 |       1 |   4.3
        D:8 |    4314 |       0 |   0.0 |      32 |       0 |   0.0
        D:9 |    1540 |     293 |  16.0 |      28 |       1 |   3.4
       D:10 |    1018 |     503 |  33.1 |       6 |       1 |  14.3
       D:11 |    3548 |    1257 |  26.2 |      39 |       3 |   7.1
       D:12 |    3146 |    1472 |  31.9 |      21 |       3 |  12.5
       D:13 |    9488 |    2716 |  22.3 |      42 |       9 |  17.6
       D:14 |    2216 |       0 |   0.0 |      11 |       0 |   0.0
      Orc:1 |    2113 |       0 |   0.0 |      27 |       0 |   0.0
      Orc:2 |    1621 |    1262 |  43.8 |      29 |      10 |  25.6
     Bailey |       0 |    1672 | 100.0 |       0 |      18 | 100.0
   Gauntlet |       0 |    5755 | 100.0 |       0 |      12 | 100.0
            +---------+---------+-------+---------+---------+-------
